 Dungeon Crawl Stone Soup version 0.25-a0-940-gc6eaff51cc (webtiles) character file.

Game seed: 2674943770618186278, levelgen mode: deterministic

1444 Esekla the Slasher (level 8, -3/42 HPs)
             Began as a Vine Stalker Abyssal Knight on May 5, 2020.
             Was a Priest of Lugonu.
             Slain by a troll (10 damage)
             ... on level 8 of the Dungeon.
             The game lasted 00:26:36 (3897 turns).

Esekla the Slasher (Vine Stalker Abyssal Knight)    Turns: 3897, Time: 00:26:37

Health: -3/42      AC:  4    Str: 15    XL:     8   Next: 74%
Magic:  0/14       EV: 15    Int: 13    God:    Lugonu [***...]
Gold:   331        SH:  0    Dex: 15    Spells: 14/14 levels left

rFire    . . .     SeeInvis +   a - +1 falchion
rCold    + . .     Gourm    .   (no shield)
rNeg     . . .     Faith    .   e - +0 leather armour {rPois}
rPois    +         Spirit   +   (no helmet)
rElec    .         Reflect  .   u - +1 cloak
rCorr    .         Harm     .   (no gloves)
MR       +....                  m - +0 pair of boots
Stlth    ++........             (no amulet)
HPRegen  0.54/turn              g - ring of poison resistance
MPRegen  0.14/turn              (no ring)

@: berserk cooldown, flying (expiring), slowed, very slow
A: fangs 3, repulsion field 1, see invisible, cold resistance 1, deformed body,
regeneration 1, magic shield, antimagic bite, no potion heal 3, rot immunity
a: Depart the Abyss, Bend Space, Banish, Renounce Religion


You were on level 8 of the Dungeon.
You worshipped Lugonu.
Lugonu was most pleased with you.
You were hungry.

You visited 1 branch of the dungeon, and saw 8 of its levels.
You visited the Abyss 1 time.

You collected 344 gold pieces.
You spent 13 gold pieces at shops.

Inventory:

Hand Weapons
 a - a +1 falchion (weapon)
 f - a +3 short sword
Armour
 e - a +0 leather armour of poison resistance (worn)
 m - a +0 pair of boots (worn)
 u - a +1 cloak (worn)
Jewellery
 g - a ring of poison resistance (left hand)
 w - an uncursed ring of ice
Wands
 v - a wand of clouds (2)
Scrolls
 b - 2 scrolls of immolation {unknown}
 d - 3 scrolls of identify
 h - a scroll of remove curse
 i - 2 scrolls of magic mapping {unknown}
 l - 4 scrolls of teleportation {unknown}
 o - a scroll of amnesia {unknown}
 p - 2 scrolls of enchant weapon {unknown}
 q - a scroll of fear
 t - 2 scrolls of enchant armour {unknown}
Potions
 k - a potion of flight
 n - a potion of invisibility {unknown}
 r - a potion of ambrosia {unknown}
 s - a potion of stabbing {unknown}
 x - a potion of lignification {unknown}
 z - a potion of heal wounds {unknown}
 A - a potion of curing
 B - a potion of resistance {unknown}
Comestibles
 c - 11 rations


   Skills:
 + Level 4.5 Fighting
 * Level 7.0 Long Blades
 - Level 1.5 Armour
 + Level 3.4 Dodging
 + Level 2.1 Stealth
 * Level 3.8 Spellcasting
 + Level 2.0 Invocations


You had 14 spell levels left.
You didn't know any spells.
Your spell library contained the following spells:

 Spells                   Type           Power        Failure   Level  Hunger
 Beastly Appendage        Tmut           #.....       26%         1    #......
 Sticks to Snakes         Tmut           #.......     36%         2    ##.....
 Spider Form              Tmut/Pois      #.........   61%         3    ###....
 Ice Form                 Ice/Tmut       #.......     95%         4    #####..
 Blade Hands              Tmut           #.........   100%        5    ######.


Dungeon Overview and Level Annotations

Branches:
Dungeon (9/15)             Temple (0/1) D:4             Orc (0/2) D:9
   Lair: D:8-11

Altars:
Hepliaklqana
Makhleb
Okawaru
Trog
Zin

Shops:
D:4 !

Annotations:
D:3 Dowan, Duvessa


Innate Abilities, Weirdness & Mutations

You have razor-sharp teeth.
Your natural rate of healing is unusually fast.
When hurt, damage is shared between your health and your magic reserves.
Your bite disrupts and absorbs the magic of your enemies.
Potions cannot restore your health.
You are immune to rotting.
You are surrounded by a mild repulsion field. (EV +2)
You have supernaturally acute eyesight. (SInv)
Your flesh is cold resistant. (rC+)
Armour fits poorly on your strangely shaped body.


Message History

You hit the troll. You bite the troll. You drain its power.
The troll is moderately wounded.
The troll bites you! The troll claws you! The troll closely misses you.
The troll completely misses you. The troll barely misses you.
The troll claws you.
You fail to use your ability.
The troll bites you!
* * * LOW HITPOINT WARNING * * *
The troll claws you!
* * * LOW HITPOINT WARNING * * *
The troll closely misses you. Space bends around you!
You blink.
The troll barely misses you. x2; The troll closely misses you.
You are starting to lose your buoyancy.
The troll bites you.
* * * LOW HITPOINT WARNING * * *
The troll misses you. x2
The troll bites you.
* * * LOW HITPOINT WARNING * * *
The troll claws you!
You die...

#... #####.###
#.#.# #.......##
....##........# #
#..#..#.<...# #.
##.....#..##.# <.
#.........##.##
#.
#.##.#.#......#
#.#.#.#..?...#..#
#.....#.T@......#
#...>.#.##....#.#
#.....#.###...#.#
#.....#.###.....#
#.....#.......###
####.########.#
.P. .# .⌠. .# ...
#


You could see a troll.

Vanquished Creatures
  A steam dragon (D:9)
  Edmund (D:4)
  2 black bears (D:9)
  A sky beast (D:5)
  An ogre (D:9)
  A centaur (D:5)
  3 bullfrogs
  A howler monkey (D:5)
  2 crimson imps
  4 hounds
  2 orc wizards (D:5)
  A bullfrog skeleton (D:5)
  4 worker ants
  7 adders
  An ooze (D:1)
  An adder zombie (D:5)
  2 dart slugs
  5 leopard geckos
  4 orcs
  3 giant cockroaches
  13 goblins
  10 hobgoblins
  7 jackals
  9 kobolds
  4 quokkas
  4 ball pythons
  8 bats
  6 frilled lizards
  A giant cockroach zombie (D:5)
  A jackal zombie (D:5)
  10 rats
120 creatures vanquished.

Notes
Turn   | Place    | Note
-------+----------+-------------------------------------------
     0 | Abyss:1  | Esekla the Vine Stalker Abyssal Knight began the quest for
                  | the Orb.
     0 | Abyss:1  | Reached XP level 1. HP: 11/11 MP: 3/3
    15 | Abyss:2  | Found a corrupted altar of Lugonu.
    35 | Abyss:2  | Noticed a wretched star
    43 | D:1      | Escaped the Abyss
   124 | D:2      | Reached XP level 2. HP: 14/16 MP: 4/4
   189 | D:2      | Reached skill level 2 in Long Blades
   277 | D:2      | Reached * piety under Lugonu
   277 | D:2      | Reached skill level 1 in Spellcasting
   297 | D:2      | Reached XP level 3. HP: 17/20 MP: 5/5
   537 | D:1      | Reached skill level 1 in Dodging
   554 | D:1      | Gained mutation: Your natural rate of healing is unusually
                  | fast. [Vine Stalker growth]
   554 | D:1      | Reached XP level 4. HP: 23/24 MP: 4/7
   867 | D:1      | Reached ** piety under Lugonu
   873 | D:1      | Upgraded the game from 0.25-a0-937-gcfae464cf3 to
                  | 0.25-a0-940-gc6eaff51cc
  1157 | D:2      | Found a glowing silver altar of Zin.
  1164 | D:2      | Found a burning altar of Makhleb.
  1388 | D:2      | Reached skill level 3 in Long Blades
  1502 | D:3      | Reached XP level 5. HP: 23/28 MP: 6/8
  1850 | D:3      | Found a faded altar of an unknown god.
  1989 | D:4      | Noticed Edmund
  2362 | D:4      | Noticed Duvessa
  2362 | D:4      | Noticed Dowan
  2564 | D:4      | Killed Edmund
  2564 | D:4      | Reached *** piety under Lugonu
  2564 | D:4      | Reached skill level 4 in Long Blades
  2564 | D:4      | Reached XP level 6. HP: 25/33 MP: 7/10
  2587 | D:4      | Gained mutation: You occasionally shout uncontrollably at
                  | your foes. [potion of mutation]
  2587 | D:4      | Gained mutation: You are agile. (Dex +2) [potion of
                  | mutation]
  2587 | D:4      | Gained mutation: Your flesh is cold resistant. (rC+)
                  | [potion of mutation]
  2588 | D:4      | Lost mutation: You are agile. (Dex +2) [potion of mutation]
  2588 | D:4      | Lost mutation: You occasionally shout uncontrollably at
                  | your foes. [potion of mutation]
  2588 | D:4      | Gained mutation: Armour fits poorly on your strangely
                  | shaped body. [potion of mutation]
  2588 | D:4      | Gained mutation: You have supernaturally acute eyesight.
                  | (SInv) [potion of mutation]
  2588 | D:4      | Gained mutation: You are surrounded by a mild repulsion
                  | field. (EV +2) [potion of mutation]
  2751 | D:4      | Found Xaceuqusk's Distillery.
  2797 | D:4      | Bought a potion of degeneration for 13 gold pieces
  2874 | D:4      | Found a bloodstained altar of Trog.
  2945 | D:4      | Found a staircase to the Ecumenical Temple.
  3041 | D:5      | Entered Level 5 of the Dungeon
  3057 | D:5      | Reached skill level 1 in Stealth
  3100 | D:5      | Reached XP level 7. HP: 36/37 MP: 11/11
  3147 | D:5      | Reached skill level 5 in Long Blades
  3384 | D:6      | Found an iron altar of Okawaru.
  3393 | D:6      | Gained mutation: You have razor-sharp teeth. [Vine Stalker
                  | growth]
  3393 | D:6      | Reached XP level 8. HP: 40/42 MP: 13/13
  3442 | D:6      | Reached skill level 6 in Long Blades
  3606 | D:6      | You fall into a shaft and drop 3 floors!
  3606 | D:9      | Found a staircase to the Orcish Mines.
  3683 | D:9      | Found a hazy altar of Hepliaklqana.
  3805 | D:9      | Reached skill level 7 in Long Blades
  3876 | D:8      | Noticed a troll
  3897 | D:8      | Slain by a troll

Levels and vault maps discovered:
D:1:      minmay_arrival_jagged, layout_basic
D:2:      layout_rooms, bloody_makhleb, nicolae_overflow_crystal_walls,
          minmay_goblin_kobold_house
D:3:      layout_basic, chequers_ecumenical_altar_island, first_ration
D:4:      layout_cave_pools, lightli_temple_of_fire, temple_doors_cd,
          serial_shops, nicolae_shop_trees, uniq_duvessa, uniq_edmund
D:5:      layout_gridville, lemuel_doored_altar, uniq_eustachio
D:6:      cheibrodos_barr_body, layout_cave_pods, okawaru_trees_2, serial_shops,
          nicolae_shop_statue_plus, minmay_misc_feat_chi,
          kb_lookout_dungeons_type, uniq_blork_the_orc
D:8:      layout_loops_cross, kennysheep_mini,
          gammafunk_temple_overflow_forgotten, hangedman_abyss_or_decor_stabs,
          hangedman_little_slice_of_home, hangedman_decor_push,
          chei_slow_surprise
D:9:      wad_river_or_something, layout_irregular_city, old_standard_altar,
          dpeg_lair_monsters

Skill      XL: |  1  2  3  4  5  6  7  8 |
---------------+-------------------------+-----
Fighting       | 3 4 |  4.5
Long Blades    | 2 3 4 5 7 |  7.0
Spellcasting   | 1 2 3 |  3.8
Invocations    | 2 |  2.0
Dodging        | 1 2 3 |  3.4
Stealth        | 1 2 |  2.1
Armour         | |  1.5

Action                   |  1- 3 |  4- 6 |  7- 9 || total
-------------------------+-------+-------+-------++-------
Melee: Falchion          |    74 |   218 |   153 ||   445
       Bite              |    22 |    54 |    59 ||   135
Invok: Depart the Abyss  |     1 |       |       ||     1
       Bend Space        |       |       |     1 ||     1
  Use: Scroll            |       |     5 |       ||     5
       Potion            |       |     2 |     3 ||     5
 Stab: Sleeping          |     1 |       |       ||     1
  Eat: Chunk             |       |     6 |     4 ||    10
Armor: Leather armour    |    20 |    78 |    28 ||   126
Dodge: Dodged            |    49 |   152 |   121 ||   322
       Rpst.: Falchion   |    16 |    51 |    37 ||   104

Table legend:
 A = Non-vault XP
 B = Vault XP
 C = Vault XP percentage of total XP
 D = Non-vault monster count
 E = Vault monster count
 F = Vault count percentage of total count
                 A         B        C        D         E       F
            +---------+---------+-------+---------+---------+-------
      Total |    1894 |     169 |   8.2 |     113 |       7 |   5.8
            +---------+---------+-------+---------+---------+-------
        D:1 |      45 |       0 |   0.0 |      26 |       0 |   0.0
        D:2 |      96 |      12 |  11.1 |      33 |       6 |  15.4
        D:3 |      72 |       0 |   0.0 |      19 |       0 |   0.0
        D:4 |      79 |     157 |  66.5 |       5 |       1 |  16.7
        D:5 |     663 |       0 |   0.0 |      16 |       0 |   0.0
        D:6 |     224 |       0 |   0.0 |       6 |       0 |   0.0
        D:9 |     715 |       0 |   0.0 |       8 |       0 |   0.0
            +---------+---------+-------+---------+---------+-------
